 Dungeon Crawl Stone Soup version 0.31-a0-844-gdc52ec4e09 (webtiles) character file.

Game seed: 6112518306144722963

302 CowFu the Caller (level 6, 0/41 HPs)
             Began as a Merfolk Summoner on Sept 29, 2023.
             Was a Believer of Elyvilon.
             Slain by a gnoll
             ... wielding a +0 flail
              (4 damage)
             ... on level 4 of the Dungeon.
             The game lasted 00:07:40 (4203 turns).

CowFu the Caller (Merfolk Summoner)                 Turns: 4203, Time: 00:07:41

Health: 0/41       AC:  4    Str:  8    XL:     6   Next: 37%
Magic:  5/11       EV: 13    Int: 16    God:    Elyvilon [**....]
Gold:   553        SH:  4    Dex: 17    Spells: 2/12 levels left

rFire   . . .        a - +0 trident
rCold   . . .        c - +0 buckler "Orchiffa" {Rampage rElec Dex+2 Slay+3}
rNeg    . . .        k - +0 robe
rPois   .            o - +2 hat
rElec   +            (no cloak)
rCorr   .            (no gloves)
SInv    .            (no boots)
Will    .....        (no amulet)
Stlth   ++           (no ring)
HPRegen 0.26/turn    (no ring)
MPRegen 0.12/turn

%: rampage
@: no status effects
A: (nimble swimmer 2), mertail
a: Renounce Religion, Purification, Heal Other


You were on level 4 of the Dungeon.
You worshipped Elyvilon.
Elyvilon was pleased with you.
You visited 1 branch of the dungeon, and saw 4 of its levels.

You collected 928 gold pieces.
You spent 375 gold pieces at shops.

Inventory:

Hand Weapons
 a - a +0 trident (weapon)
 f - a +0 short sword
Armour
 c - the +0 buckler "Orchiffa" (worn) {Rampage rElec Dex+2 Slay+3}
   (You bought it in a shop on level 3 of the Dungeon)

   Dex+2:     It affects your dexterity (+2).
   Slay+3:    It affects your accuracy & damage with ranged weapons and melee
   (+3).
   rElec:     It insulates you from electricity.
   Rampage:   It bestows one free step when moving towards enemies.
 k - a +0 robe (worn)
 o - a +2 hat (worn)
Jewellery
 n - an amulet of faith
Wands
 g - a wand of flame (19)
Scrolls
 e - 2 scrolls of noise
 h - 4 scrolls of teleportation
 p - a scroll of identify
Potions
 b - a potion of magic
 d - a potion of mutation {unknown}
 i - a potion of enlightenment
 l - a potion of haste {unknown}
 m - a potion of heal wounds {unknown}
 q - a potion of might


   Skills:
 + Level 3.6 Polearms
 - Level 4.0 Dodging
 - Level 3.0 Stealth
 + Level 3.5 Spellcasting
 + Level 5.1 Summonings
 + Level 0.1 Air Magic


You had 2 spell levels left.
You knew the following spells:

 Your Spells              Type           Power      Damage    Failure   Level
a - Summon Small Mammal   Summ           76%        N/A       3%          1
b - Call Imp              Summ           38%        N/A       5%          2
c - Call Canine Familiar  Summ           19%        N/A       11%         3
d - Summon Lightning Spi  Summ/Air       11%        N/A       67%         4

Your spell library contained the following spells:

 Spells                   Type           Power      Damage    Failure   Level
 Summon Guardian Golem    Hex/Summ       11%        N/A       30%         3
 Ozocubu's Armour         Ice            2%         N/A       65%         3
 Ozocubu's Refrigeration  Ice            1%         4d7       100%        7


Dungeon Overview and Level Annotations

Branches:
Dungeon (4/15)
 Temple: D:4-7

Altars:
Dithmenos
Elyvilon
Qazlal
Wu Jian
The Shining One

Shops:
D:3 *[*:[

Annotations:
D:4 Natasha


Innate Abilities, Weirdness & Mutations

((You are very nimble when in or above water. (Stealth+, EV+, Speed+++)))
Your lower body shifts to a powerful aquatic tail in water.


Message History

* * * LOW HITPOINT WARNING * * *
The gnoll hits your hound with a +0 flail!
Your hound dies!
Your hound's corpse disappears in a puff of smoke!
Reach: a) +0 trident
Press: ? - help, Dir - move target, f/p - Natasha
Aim: Natasha (moderately wounded, ally target, about 44% to evade your +0 trident)
You hit Natasha.
Natasha is heavily wounded.
Your quokka misses Natasha. Natasha claws you but does no damage.
You block the cerulean imp's attack.
Your quokka bites Natasha.
Natasha mumbles some strange words.
Reach: a) +0 trident
Press: ? - help, Dir - move target, f/p - Natasha
Aim: Natasha (severely wounded, ally target, about 44% to evade your +0 trident)
You closely miss Natasha.
Natasha is severely wounded.
The cerulean imp misses you. You block the gnoll's attack.
Your quokka bites Natasha but does no damage.
The cerulean imp hits you but does no damage.
Natasha stares at your quokka and mumbles some strange words.
Your quokka seems to slow down.
Reach: a) +0 trident
Press: ? - help, Dir - move target, f/p - Natasha
Aim: Natasha (severely wounded, not watching you, ally target, about 44% to evade your +0 trident)
You closely miss Natasha.
Natasha is severely wounded.
The cerulean imp hits you with a +1 spear.
* * * LOW HITPOINT WARNING * * *
The gnoll completely misses you.
Your quokka closely misses Natasha.
You block Natasha's attack. The cerulean imp barely misses you.
The cerulean imp hits you with a +1 spear.
* * * LOW HITPOINT WARNING * * *
Reach: a) +0 trident
Press: ? - help, Dir - move target, f/p - Natasha
Aim: Natasha (severely wounded, ally target, about 44% to evade your +0 trident)
You closely miss Natasha.
Natasha is severely wounded.
The gnoll hits you with a +0 flail.
You die...

########## #######
#.).......
.......########.........
.....g.#...))hr5........
......g#.####g@.........
......g..# #5.....>...
.......h## #.)....####
........# #......#
.......## #......#
....... #....†.####
.......#########......#
###..###......##......#
.># #...†..##......##


You could see Natasha (ally target), a gnoll, 2 cerulean imps and a friendly
quokka (summoned, slow).

Vanquished Creatures
  A scorpion (D:4)
  Natasha (D:4)
  A gnoll (D:4)
  3 adders
  A dart slug (D:3)
  8 orcs
  6 endoplasms
  3 giant cockroaches
  3 hobgoblins
  4 jackals (D:4)
  A kobold (D:4)
  A quokka (D:4)
  3 ball pythons
  5 bats
  A frilled lizard (D:1)
  7 goblins
  2 rats (D:1)
51 creatures vanquished.

Vanquished Creatures (collateral kills)
  An orc priest (D:3)
  Natasha (D:4)
  A gnoll (D:4)
  An adder (D:3)
  2 worms
  2 dart slugs (D:1)
  3 orcs (D:3)
  3 endoplasms
  2 giant cockroaches
  2 hobgoblins (D:1)
  2 quokkas
  4 ball pythons
  3 bats
  2 frilled lizards (D:1)
  3 kobolds
32 creatures vanquished.

Grand Total: 83 creatures vanquished

Notes
Turn   | Place    | Note
-------+----------+-------------------------------------------
     0 | D:1      | CowFu the Merfolk Summoner began the quest for the Orb.
     0 | D:1      | Reached XP level 1. HP: 13/13 MP: 3/3
   241 | D:1      | Reached XP level 2. HP: 5/19 MP: 0/5
   975 | D:1      | Reached XP level 3. HP: 19/24 MP: 3/6
  1457 | D:1      | Learned a level 2 spell: Call Imp
  1461 | D:1      | Learned a level 3 spell: Call Canine Familiar
  2132 | D:2      | Reached skill level 1 in Polearms
  2132 | D:2      | Reached XP level 4. HP: 26/30 MP: 0/7
  2271 | D:2      | Found a faded altar of an unknown god.
  2640 | D:2      | Prayed at the altar of an unknown god.
  2640 | D:2      | Became a worshipper of Elyvilon the Healer
  2640 | D:2      | Reached * piety under Elyvilon
  2711 | D:3      | Found Metost's Assorted Antiques.
  2737 | D:3      | Bought a viscous pink potion for 25 gold pieces
  2737 | D:3      | Bought 2 smoky blue potions for 50 gold pieces
  2737 | D:3      | Bought a yellow potion for 25 gold pieces
  2737 | D:3      | Bought a yellow potion for 25 gold pieces
  2878 | D:3      | Found Larig's Antique Armour Shop.
  2908 | D:3      | Reached XP level 5. HP: 35/35 MP: 7/9
  3071 | D:3      | Found Fesuw's Armour Shop.
  3275 | D:3      | Found Seckod's Assorted Antiques.
  3278 | D:3      | Bought a scroll labelled JUFUOX NARR for 32 gold pieces
  3280 | D:3      | Identified a scroll of acquirement
  3280 | D:3      | Acquired 707 gold pieces
  3344 | D:3      | Bought a masterwork buckler for 218 gold pieces
  3344 | D:3      | Identified the +0 buckler "Orchiffa" {Rampage rElec Dex+2
                  | Slay+3} (You bought it in a shop on level 3 of the Dungeon)
  3384 | D:3      | Found Qotasae's Book Shop.
  3448 | D:3      | Found an ornate altar of the Wu Jian Council.
  3448 | D:3      | Found a shadowy altar of Dithmenos.
  3455 | D:3      | Found a stormy altar of Qazlal.
  3457 | D:3      | Found a faded altar of an unknown god.
  3459 | D:3      | Found a glowing golden altar of the Shining One.
  3533 | D:3      | Reached ** piety under Elyvilon
  3781 | D:4      | Noticed Natasha
  3791 | D:4      | Killed Natasha
  3802 | D:4      | Noticed Natasha
  3809 | D:4      | Killed Natasha
  4057 | D:4      | Reached skill level 5 in Summonings
  4057 | D:4      | Reached XP level 6. HP: 41/41 MP: 9/11
  4116 | D:4      | Learned a level 4 spell: Summon Lightning Spire
  4139 | D:4      | Noticed Natasha
  4191 | D:4      | Elyvilon protects you from harm!
  4192 | D:4      | HP: 2/41 [cerulean imp/+1 spear[Natasha] (3)]
  4203 | D:4      | Slain by a gnoll

Illustrated notes

Levels and vault maps discovered:
D:1:      psy_arrival_statuary, layout_rooms, serial_co_window_serial,
          co_window_paths_a, co_window_paths_a, co_window_paths_a,
          co_window_paths_a, co_window_paths_b, co_window_broadway_c,
          co_window_corner_b, co_window_2corner, co_window_broadway_a,
          co_window_cross_3, co_window_4corner_a, co_window_4corner_b,
          glass_columns_a, glass_columns_a, glass_columns_a, glass_columns_b,
          glass_columns_b
D:2:      layout_basic, basic_ecumenical_altar
D:3:      layout_loops_ring, chequers_temple_overflow_minitemple, serial_shops,
          nicolae_shop_real_fake_doors, nicolae_shop_stone, shop, shop,
          nicolae_shop_overgrown_old_shop
D:4:      layout_basic, uniq_natasha

Skill      XL: |  1  2  3  4  5 |
---------------+----------------+-----
Dodging        | 3 4 |  4.0
Polearms       | 1 2 3 |  3.6
Stealth        | 3 |  3.0
Spellcasting   | 3 |  3.5
Summonings     | 5 |  5.1
Air Magic      | |  0.1

Action                     |  1- 3 |  4- 6 || total
---------------------------+-------+-------++-------
  Melee: Unarmed           |    42 |       ||    42
         Short sword       |    15 |       ||    15
         Trident           |    22 |   136 ||   158
         Punch             |     1 |       ||     1
   Cast: Summon Small Mamm |    49 |    29 ||    78
         Call Imp          |     5 |     2 ||     7
         Call Canine Famil |     1 |     4 ||     5
    Use: Scroll            |       |    10 ||    10
         Potion            |       |     3 ||     3
   Stab: Sleeping          |     6 |     7 ||    13
         Distracted        |     1 |     1 ||     2
 Armour: Robe              |    44 |    77 ||   121
  Dodge: Dodged            |    57 |    73 ||   130
  Block: Buckler           |       |    23 ||    23

Table legend: (Time is in decaauts)
 A = Elapsed time spent in this place.
 B = Non-inter-level travel time spent in this place.
 C = Inter-level travel time spent in this place.
 D = Time resting spent in this place.
 E = Time spent auto-exploring this place.
 F = Levels seen in this place.
 G = Mean time per level.
                   A        B        C        D        E       F      G
               +--------+--------+--------+--------+--------+-----+--------+
         Total |   4238 |   3928 |    310 |      0 |   3184 |   4 | 1059.5 |
       Dungeon |   4238 |   3928 |    310 |      0 |   3184 |   4 | 1059.5 |
               +--------+--------+--------+--------+--------+-----+--------+

Top non-repeatable levels by time:
     D:1: 1496 daAuts
     D:2: 1154 daAuts
     D:3: 1056 daAuts
     D:4: 530 daAuts
